 Dungeon Sprint DCSS version 0.28-a0-991-g956f0ee3d5 (webtiles) character file.

Game seed: 8441166378272633230

32396 mhtbhm the Phalangite (level 13, 0/145 HPs)
             Began as a Yellow Draconian Berserker on Dec 4, 2021.
             Was the Champion of Trog.
             Killed from afar by a spark wasp (15 damage)
             ... with a living lightning
             ... in the Dungeon (Sprint IX: "|||||||||||||||||||||||||||||").
             The game lasted 00:07:25 (4275 turns).

mhtbhm the Phalangite (Yellow Draconian Berserker)  Turns: 4275, Time: 00:07:26

Health: 0/145      AC: 13    Str: 28    XL:     13   Next: 31%
Magic:  0/13       EV: 17    Int:  7    God:    Trog [******]
Gold:   21         SH:  0    Dex: 11    Spells: 12/12 levels left

rFire   . . .      SeeInvis .   a - +5 glaive (vorpal)
rCold   + . .      Faith    .   (shield currently unavailable)
rNeg    . . .      Spirit   +   (armour unavailable)
rPois   .          Reflect  .   (helmet restricted)
rElec   .          Harm     .   C - +2 cloak {Will+}
rCorr   +          Rampage  .   u - +0 pair of gloves
Will    +....      NoTele   +   j - +0 pair of boots
Stlth   +++.......              x - amulet of Zuihij {Spirit Slay+3}
HPRegen 0.34/turn               v - ring of protection from cold
MPRegen 0.13/turn               m - +3 ring of strength

@: on berserk cooldown, slowed, very slow
A: spit acid, AC +8, unfitting armour, cold-blooded, acid resistance
a: Breathe Acid, Renounce Religion, Berserk, Trog's Hand, Brothers in Arms


You were in the Dungeon.
You worshipped Trog.
Trog was exalted by your worship.
You visited 1 branch You collected 1932 gold pieces.
You spent 1911 gold pieces at shops.

Inventory:

Hand Weapons
 a - a +5 vorpal glaive (weapon)
Missiles
 n - a curare-tipped dart (quivered)
Armour
 j - a +0 pair of boots (worn)
 u - a +0 pair of gloves (worn)
 y - a scarf of harm
 C - a +2 cloak of willpower (worn)
Jewellery
 m - a +3 ring of strength (right hand)
 v - a ring of protection from cold (left hand)
 x - the amulet of Zuihij (around neck) {Spirit Slay+3}
   (You acquired it in the Dungeon)

   [amulet of guardian spirit]

   It causes incoming damage to be divided between your reserves of health and
   magic.
   Slay:      It affects your accuracy & damage with ranged weapons and melee
   (+3).
 A - a ring of protection from cold
Wands
 i - a wand of iceblast (10)
 k - a wand of polymorph (3)
Scrolls
 g - 7 scrolls of blinking
 p - 5 scrolls of summoning
 q - a scroll of fog
 r - 7 scrolls of enchant weapon
 s - 5 scrolls of enchant armour
 t - a scroll of identify
 w - 2 scrolls of immolation
 z - a scroll of brand weapon
Potions
 b - 4 potions of curing
 c - a potion of invisibility
 d - 2 potions of haste
 e - 4 potions of magic
 f - a potion of berserk rage
 h - 5 potions of heal wounds
 o - a potion of might
 B - a potion of cancellation {unknown}


   Skills:
 + Level 21.8 Fighting
 + Level 24.7 Polearms
 + Level 14.2 Dodging
 + Level 6.7 Stealth


You had 12 spell levels left.
You didn't know any spells.
Your spell library was empty.

Dungeon Overview and Level Annotations

Branches:
Dungeon (1/1)

Altars:
Cheibriados
Dithmenos
Elyvilon
Fedhas
Gozag
Hepliaklqana
Kikubaaqudgha
Makhleb
Nemelex Xobeh
Okawaru
Qazlal
Ru
Sif Muna
Trog
Uskayaw
Vehumet
Wu Jian
Xom
Yredelemnul
Zin
The Shining One
Beogh
Jiyva
Lugonu

Shops:
D *?[?


Innate Abilities, Weirdness & Mutations

You can spit globs of acid.
Your golden yellow scales are hard. (AC +8)
You cannot fit into any form of body armour.
You are cold-blooded and may be slowed by cold attacks.
You are resistant to acid. (rCorr)


Message History

The living lightning hits your cyclops! The living lightning hits you!
* * * LOW HITPOINT WARNING * * *
The spark wasp blinks!
You feel you are being watched by something.
You feel your power leaking away.
You see here a jumping spider corpse.
Unknown command.
You feel better.
You feel you are being watched by something.
The spark wasp completely misses you.
Unknown command.
You feel much better. The spark wasp stings you!
* * * LOW HITPOINT WARNING * * *
The spark wasp shocks you!
* * * LOW HITPOINT WARNING * * *
You feel you are being watched by something.
Something hits your cyclops! Something hits your cyclops.
Something stings your cyclops! The spark wasp closely misses you.
Something hits your cyclops but does no damage. x2
Something stings your cyclops!
Unknown command.
You feel much better.
The spark wasp stings you but does no damage.
Your cyclops rages.
Something hits your cyclops! x2
Your cyclops dies!
Your cyclops's corpse disappears in a puff of smoke!
The spark wasp stings you.
* * * LOW HITPOINT WARNING * * *
The spark wasp shocks you!
* * * LOW HITPOINT WARNING * * *
You feel you are being watched by something.
Unknown command.
Unknown command.
Blink to where?
Press: ? - help, Dir - move target
As you read the scroll of blinking, it crumbles to dust.
The spark wasp bursts into living lightning!
The living lightning hits you!
You die...

....))))))))......))))))......[))
▓▓▓▓▓▓▓▓▓▓▓▓▓▓▓▓▓▓▓▓▓▓▓▓▓▓▓▓▓▓▓▓▓
...........................))....
▓▓▓▓▓▓▓▓▓▓▓▓▓▓▓▓▓▓▓▓▓▓▓▓▓▓▓▓▓▓▓▓▓
'†...=)))))))).[[[[[.[[......÷.÷[
▓▓▓▓▓▓▓▓▓▓▓▓▓▓▓▓▓▓▓▓▓▓▓▓▓▓▓▓▓▓▓▓▓
.......†[........................
▓▓▓▓▓▓▓▓▓▓▓▓▓▓▓▓♣♣♣♣♣♣♣♣♣♣▓▓▓▓▓▓▓
.....)'))).)....@÷)...y§{)†......
▓▓▓▓▓▓▓▓▓▓▓▓▓▓▓▓♣♣♣♣♣♣♣♣♣♣▓▓▓▓▓▓▓


You could see a spark wasp.

Vanquished Creatures
  A ghost moth (D)
  Azrael (D)
  An ettin (D)
  An ice dragon (D)
  A boulder beetle (D)
  4 hydras (D)
  A rakshasa (D)
  A naga warrior (D)
  A ghost crab (D)
  An ogre mage (D)
  3 centaur warriors (D)
  2 alligators (D)
  3 orc high priests (D)
  A tengu warrior (D)
  A spriggan berserker (D)
  3 orc knights (D)
  A mana viper (D)
  A naga ritualist (D)
  2 orc sorcerers (D)
  An ugly thing (D)
  A cyclops (D)
  A will-o-the-wisp (D)
  A manticore (D)
  A wolf spider (D)
  2 elephants (D)
  Maurice (D)
  A torpor snail (D)
  4 black mambas (D)
  A naga mage (D)
  6 cane toads (D)
  Psyche (D)
  An efreet (D)
  A demonic crawler (D)
  A komodo dragon (D)
  A jumping spider (D)
  A troll (D)
  A tyrant leech (D)
  A shadow (D)
  A redback (D)
  A yak (D)
  2 fire elementals (D)
  Grum (D)
  2 vampire mosquitoes (D)
  A warg (D)
  An acid dragon (D)
  A water moccasin (D)
  8 hell hounds (D)
  16 orc warriors (D)
  7 wolves (D)
  An ogre (D)
  A centaur (D)
  A kobold brigand (D)
  4 bullfrogs (D)
  3 orc priests (D)
  A jelly (D)
  An iguana (D)
  4 orc wizards (D)
  A white imp (D)
  9 orcs (D)
  An endoplasm (D)
  A jackal (D)
  A kobold (D)
  A ball python (D)
  A bat (D)
  A rat (D)
131 creatures vanquished.

Vanquished Creatures (collateral kills)
  2 very ugly things (D)
  A naga warrior (D)
  An ice dragon (D)
  A redback (D)
  A tarantella (D)
6 creatures vanquished.

Vanquished Creatures (others)
  A will-o-the-wisp (D)
  A tyrant leech (D)
  3 foxfires (D)
5 creatures vanquished.

Grand Total: 142 creatures vanquished

Notes
Turn   | Place    | Note
-------+----------+-------------------------------------------
     0 | D        | mhtbhm the Draconian Berserker began the quest for the Orb.
     0 | D        | Reached XP level 1. HP: 19/19 MP: 1/1
    11 | D        | Reached ** piety under Trog
    11 | D        | Banished a spatial maelstrom
    22 | D        | Noticed a jelly
    22 | D        | Noticed an iguana
    22 | D        | Noticed an ogre
    27 | D        | Killed a jelly
    28 | D        | Reached skill level 5 in Fighting
    28 | D        | Reached skill level 4 in Polearms
    28 | D        | Reached XP level 2. HP: 29/29 MP: 2/2
    28 | D        | Reached XP level 3. HP: 36/36 MP: 3/3
    29 | D        | Reached *** piety under Trog
    30 | D        | Reached skill level 5 in Polearms
    35 | D        | Killed an ogre
    36 | D        | Reached skill level 6 in Polearms
    36 | D        | Reached skill level 5 in Dodging
    36 | D        | Reached XP level 4. HP: 45/45 MP: 4/4
    36 | D        | Reached XP level 5. HP: 51/51 MP: 5/5
    38 | D        | Reached skill level 7 in Polearms
    44 | D        | Found a snail-covered altar of Cheibriados.
    44 | D        | Found a shadowy altar of Dithmenos.
    44 | D        | Found a white marble altar of Elyvilon.
    44 | D        | Found a blossoming altar of Fedhas.
    44 | D        | Found an opulent altar of Gozag.
    45 | D        | Found a hazy altar of Hepliaklqana.
    46 | D        | Found a viscous altar of Jiyva.
    47 | D        | Found an ancient bone altar of Kikubaaqudgha.
    48 | D        | Found a corrupted altar of Lugonu.
    49 | D        | Found a burning altar of Makhleb.
    50 | D        | Found a sparkling altar of Nemelex Xobeh.
    51 | D        | Found an iron altar of Okawaru.
    52 | D        | Found a stormy altar of Qazlal.
    53 | D        | Found a sacrificial altar of Ru.
    54 | D        | Found a shimmering blue altar of Sif Muna.
    55 | D        | Found a bloodstained altar of Trog.
    56 | D        | Found a hide-covered altar of Uskayaw.
    57 | D        | Found a radiant altar of Vehumet.
    58 | D        | Found an ornate altar of the Wu Jian Council.
    59 | D        | Found a shimmering altar of Xom.
    60 | D        | Found a basalt altar of Yredelemnul.
    61 | D        | Found a glowing silver altar of Zin.
    62 | D        | Found a glowing golden altar of the Shining One.
   216 | D        | Noticed a centaur
   216 | D        | Noticed a vampire mosquito
   216 | D        | Noticed an orc warrior
   216 | D        | Noticed an acid dragon
   218 | D        | Killed a centaur
   218 | D        | Reached **** piety under Trog
   219 | D        | Reached skill level 8 in Polearms
   225 | D        | Killed a vampire mosquito
   226 | D        | Reached skill level 9 in Polearms
   226 | D        | Reached XP level 6. HP: 63/63 MP: 6/6
   227 | D        | Killed an orc warrior
   230 | D        | Reached ***** piety under Trog
   231 | D        | Reached skill level 10 in Polearms
   231 | D        | Your scales start taking on a golden yellow colour.
   231 | D        | Reached XP level 7. HP: 53/71 MP: 7/7
   231 | D        | Gained mutation: You are resistant to acid. (rCorr) [Yellow
                  | Draconian growth]
   238 | D        | Reached skill level 10 in Fighting
   238 | D        | Reached skill level 1 in Stealth
   442 | D        | Noticed an efreet
   442 | D        | Noticed a cyclops
   442 | D        | Noticed a troll
   442 | D        | Noticed a centaur warrior
   442 | D        | Noticed a brown ugly thing
   442 | D        | Noticed a shadow
   447 | D        | Killed an efreet
   448 | D        | Reached skill level 11 in Polearms
   449 | D        | Killed a cyclops
   450 | D        | Reached skill level 12 in Polearms
   450 | D        | Reached XP level 8. HP: 82/82 MP: 8/8
   458 | D        | Killed a troll
   458 | D        | Received a gift from Trog
   460 | D        | Killed a centaur warrior
   461 | D        | Reached skill level 13 in Polearms
   465 | D        | Killed a brown ugly thing
   466 | D        | Reached skill level 14 in Polearms
   466 | D        | Reached skill level 10 in Dodging
   466 | D        | Reached XP level 9. HP: 92/92 MP: 9/9
   738 | D        | Noticed a cane toad
   738 | D        | Noticed a cane toad
   738 | D        | Noticed a cane toad
   739 | D        | Noticed a seven-headed hydra
   743 | D        | Killed a cane toad
   744 | D        | Reached skill level 15 in Polearms
   746 | D        | Killed a cane toad
   749 | D        | Noticed a cane toad
   750 | D        | Received a gift from Trog
   863 | D        | Killed a cane toad
   864 | D        | Reached skill level 16 in Polearms
   865 | D        | Killed a cane toad
   866 | D        | Reached XP level 10. HP: 101/101 MP: 10/10
   876 | D        | Killed a 15-headed hydra
   877 | D        | Reached skill level 17 in Polearms
  1081 | D        | Noticed a cane toad
  1081 | D        | Noticed an elephant
  1081 | D        | Noticed a cane toad
  1084 | D        | Killed a cane toad
  1086 | D        | Received a gift from Trog
  1090 | D        | Killed an elephant
  1090 | D        | Noticed an elephant
  1095 | D        | Noticed an eight-headed hydra
  1096 | D        | Killed a cane toad
  1099 | D        | Reached skill level 18 in Polearms
  1103 | D        | Killed an elephant
  1113 | D        | Killed a 15-headed hydra
  1375 | D        | Reached ****** piety under Trog
  1392 | D        | Received a gift from Trog
  1393 | D        | Reached skill level 19 in Polearms
  1401 | D        | Reached skill level 15 in Fighting
  1557 | D        | Noticed Psyche
  1565 | D        | Killed Psyche
  1566 | D        | Reached XP level 11. HP: 112/112 MP: 11/11
  1760 | D        | Noticed an orc knight
  1767 | D        | Received a gift from Trog
  1776 | D        | Killed an orc knight
  1795 | D        | Received a gift from Trog
  2134 | D        | Received a gift from Trog
  2156 | D        | Reached skill level 20 in Polearms
  2159 | D        | Received a gift from Trog
  2320 | D        | Found Fuffol's General Store.
  2320 | D        | Noticed an orc knight
  2320 | D        | Noticed an orc high priest
  2329 | D        | Killed an orc knight
  2336 | D        | Killed an orc high priest
  2341 | D        | Noticed an orc sorcerer
  2350 | D        | Killed an orc sorcerer
  2350 | D        | Received a gift from Trog
  2514 | D        | Found Miabucrace's Magic Scroll Shoppe.
  2518 | D        | Found Wulu's Antique Armour Emporium.
  2522 | D        | Found Duxaw's Magic Scroll Shoppe.
  2524 | D        | Noticed an orc high priest
  2525 | D        | Noticed an orc high priest
  2526 | D        | Noticed an orc sorcerer
  2527 | D        | Noticed an orc knight
  2536 | D        | Killed an orc high priest
  2537 | D        | Reached skill level 5 in Stealth
  2541 | D        | Killed an orc high priest
  2542 | D        | Reached skill level 21 in Polearms
  2545 | D        | Killed an orc sorcerer
  2552 | D        | Killed an orc knight
  2583 | D        | Bought a scroll of enchant armour for 105 gold pieces
  2583 | D        | Bought a scroll of immolation for 49 gold pieces
  2583 | D        | Bought a scroll of acquirement for 728 gold pieces
  2583 | D        | Bought a scroll of identify for 28 gold pieces
  2585 | D        | Bought a glowing scarf for 184 gold pieces
  2587 | D        | Bought a scroll of blinking for 82 gold pieces
  2587 | D        | Bought 3 scrolls of summoning for 313 gold pieces
  2587 | D        | Bought a scroll of enchant weapon for 82 gold pieces
  2587 | D        | Bought a scroll of blinking for 82 gold pieces
  2587 | D        | Bought a scroll of immolation for 38 gold pieces
  2587 | D        | Bought a scroll of brand weapon for 220 gold pieces
  2589 | D        | Acquired the amulet of Zuihij {Spirit Slay+3}
  2742 | D        | Noticed Grum
  2747 | D        | Received a gift from Trog
  2751 | D        | Killed Grum
  2979 | D        | Noticed a centaur warrior
  2979 | D        | Noticed a centaur warrior
  2979 | D        | Noticed a five-headed hydra
  2979 | D        | Noticed an ogre mage
  2979 | D        | Noticed a wolf spider
  2980 | D        | Noticed a tengu warrior
  2985 | D        | Killed a centaur warrior
  2989 | D        | Killed a centaur warrior
  2989 | D        | Noticed a boulder beetle
  2994 | D        | Killed a nine-headed hydra
  2994 | D        | Noticed an ice dragon
  2995 | D        | Reached skill level 22 in Polearms
  2995 | D        | Reached XP level 12. HP: 127/127 MP: 9/12
  2997 | D        | Killed an ogre mage
  2997 | D        | Received a gift from Trog
  3004 | D        | Killed a tengu warrior
  3006 | D        | Noticed a purple very ugly thing
  3009 | D        | Noticed an ettin
  3016 | D        | Noticed a brown very ugly thing
  3023 | D        | Killed a purple very ugly thing
  3027 | D        | Killed a brown very ugly thing
  3032 | D        | Killed an ice dragon
  3072 | D        | Killed an ettin
  3073 | D        | Reached skill level 23 in Polearms
  3250 | D        | Noticed an ice dragon
  3261 | D        | Killed a boulder beetle
  3270 | D        | Killed an ice dragon
  3380 | D        | Noticed a rakshasa
  3389 | D        | Killed a rakshasa
  3389 | D        | Received a gift from Trog
  3481 | D        | Noticed Maurice
  3485 | D        | Noticed Azrael
  3488 | D        | Killed Maurice
  3503 | D        | Killed Azrael
  3635 | D        | Noticed a naga warrior
  3640 | D        | Received a gift from Trog
  3644 | D        | Killed a naga warrior
  3651 | D        | Reached skill level 24 in Polearms
  3651 | D        | Noticed a naga warrior
  3655 | D        | Received a gift from Trog
  3657 | D        | Reached XP level 13. HP: 84/141 MP: 7/13
  3665 | D        | HP: 7/141 [constriction (5)]
  4042 | D        | Received a gift from Trog
  4253 | D        | Noticed a spark wasp
  4262 | D        | Killed a ghost moth
  4268 | D        | Received a gift from Trog
  4275 | D        | Killed from afar by a spark wasp

Illustrated notes

Levels and vault maps discovered:
D:        linesprint [early_d, line_temple, items_1, d_10, items_2, lair_1,
          lair_end, items_3, orc_1, orc_end, items_4, d_15, swamp_1, shoals_1,
          snake_1, spider_1, d_20, vaults_1, items_5, swamp_end, shoals_end,
          snake_end, spider_end, vaults_end, d_27, items_6, zot_1, zot_end,
          crypt_end, forest_end, elf_end, slime_end, tomb_end, abyss_end,
          pan_hell_end]

Skill      XL: |  1  2  3  4  5  6  7  8  9 10 11 12 13 |
---------------+----------------------------------------+-----
Dodging        | 4 5 7 8 9 10 11 12 13 14 | 14.2
Fighting       | 5 6 9 11 12 13 15 17 20 21 | 21.8
Polearms       | 4 6 9 10 12 14 16 19 22 24 | 24.7
Stealth        | 1 2 3 4 5 6 |  6.7

Action                   |  1- 3 |  4- 6 |  7- 9 | 10-12 | 13-15 || total
-------------------------+-------+-------+-------+-------+-------++-------
Melee: Spear             |    21 |     2 |       |       |       ||    23
       Tailslap          |     3 |       |    10 |    38 |     7 ||    58
       Halberd           |       |    11 |    49 |    41 |       ||   101
       Glaive            |       |       |       |   242 |    52 ||   294
Invok: Berserk           |     1 |     1 |     3 |    11 |     2 ||    18
       Brothers in Arms  |       |       |       |     2 |     2 ||     4
  Use: Potion            |     1 |       |       |       |     8 ||     9
       Scroll            |       |       |       |     3 |     1 ||     4
 Stab: Sleeping          |       |       |       |       |     1 ||     1
Armor: Skin              |     4 |     1 |     5 |    40 |    25 ||    75
Dodge: Dodged            |     9 |     4 |    29 |    96 |    39 ||   177

Table legend: (Time is in decaauts)
 A = Elapsed time spent in this place.
 B = Non-inter-level travel time spent in this place.
 C = Inter-level travel time spent in this place.
 D = Time resting spent in this place.
 E = Time spent auto-exploring this place.
 F = Levels seen in this place.
 G = Mean time per level.
                   A        B        C        D        E       F      G
               +--------+--------+--------+--------+--------+-----+--------+
         Total |   4299 |   4299 |      0 |   2836 |    283 |   1 | 4299.0 |
       Dungeon |   4299 |   4299 |      0 |   2836 |    283 |   1 | 4299.0 |
               +--------+--------+--------+--------+--------+-----+--------+

Top non-repeatable levels by time:
       D: 4299 daAuts
